[Event "Titled Tuesday Blitz April 25 Early 2023"]
[White "Andreikin, Dmitry"]
[Black "Pranesh M"]
[WhiteFideId "4158814"]
[BlackFideId "35028600"]
[WhiteElo "2736"]
[BlackElo "2437"]
[Result "1-0"]
[Round "10"]
[TimeControl "180+2"]
[Date "2023.04.25"]
[WhiteClock "0:00:18"]
[BlackClock "0:00:06"]

1. d4 d5 2. c4 c6 3. Nf3 Nf6 4. e3 g6 5. Nc3 Bg7 6. h3 O-O 7. Be2 a6 8. a4 c5 9. O-O cxd4 10. exd4 Nc6 11. Bg5 Ne4 12. Be3 Nxc3 13. bxc3 Be6 14. Ng5 Bc8 15. Rb1 e6 16. Qd2 Na5 17. c5 Bd7 18. Rb4 Bc6 19. Nf3 f6 20. Bh6 Qd7 21. h4 Rae8 22. h5 Bxh6 23. Qxh6 g5 24. Nh2 Qg7 25. Qxg7+ Kxg7 26. f4 h6 27. Ng4 gxf4 28. Rxf4 Re7 29. Rf3 Be8 30. Rg3 Kh7 31. Bd3+ f5 32. Ne5 Nc6 33. Nxc6 Bxc6 34. a5 Rg7 35. Re3 Rfg8 36. Rb2 Re8 37. Rxe6 Rxe6 38. Bxf5+ Kh8 39. Bxe6 Re7 40. Re2 Kg7 41. Bg4 Rf7 42. Re6 Kh7 43. Kh2 Bd7 44. Rg6 Bxg4 45. Rxg4 Rf5 46. Rh4 Rf1 47. Rh3 Ra1 48. Re3 Rxa5 49. Re7+ Kg8 50. Rxb7 Ra3 51. c6 Rxc3 52. c7 Kf8 53. Rb8+ Ke7 54. c8=Q Rxc8 55. Rxc8 Ke6 56. Ra8 Kf5 57. Rxa6 Kg5 58. Rd6 Kxh5 59. Rxd5+ Kh4 60. Re5 h5 61. d5 Kg4 62. d6 Kf4 63. Rxh5 Kg4 64. Ra5 Kf4 65. d7 Ke4 66. d8=Q Ke3 67. Qd5 Ke2 68. Ra3 Ke1 69. Qd3 Kf2 70. Qe3+ Kf1 71. Ra1# 1-0


[Site "https://www.chess.com"]

[Event "Titled Tuesday Blitz April 25 Early 2023"]
[White "Mamedyarov, Shakhriyar"]
[Black "Eljanov, Pavel"]
[WhiteFideId "13401319"]
[BlackFideId "14102951"]
[WhiteElo "2704"]
[BlackElo "2598"]
[Result "0-1"]
[Round "10"]
[TimeControl "180+2"]
[Date "2023.04.25"]
[WhiteClock "0:00:04"]
[BlackClock "0:00:36"]

1. e4 c6 2. d4 d5 3. e5 Bf5 4. g4 Be4 5. f3 Bg6 6. e6 fxe6 7. Nh3 Nd7 8. Nf4 Bf7 9. Qe2 e5 10. dxe5 e6 11. h4 Qc7 12. Nd3 c5 13. f4 c4 14. Nf2 h5 15. g5 Bc5 16. c3 Ne7 17. Bh3 Qb6 18. Nd2 Bg6 19. b4 cxb3 20. Nxb3 Nf5 21. Bxf5 Bxf5 22. Nd3 Bxd3 23. Qxd3 O-O 24. Rb1 Qc6 25. Bd2 Bb6 26. Nd4 Nc5 27. Qe2 Qe8 28. O-O Ne4 29. Kg2 Rc8 30. Rb3 Bxd4 31. cxd4 Rc2 32. Rd1 Qg6 33. Rxb7 Rxf4 34. Qe3 Rf2+ 35. Kg1 Qf5 36. Rb8+ Kh7 37. g6+ Qxg6+ 0-1


[Site "https://www.chess.com"]

[Event "Titled Tuesday Blitz April 25 Early 2023"]
[White "Le, Tuan Minh"]
[Black "Esipenko, Andrey"]
[WhiteFideId "12401153"]
[BlackFideId "24175439"]
[WhiteElo "2566"]
[BlackElo "2615"]
[Result "0-1"]
[Round "10"]
[TimeControl "180+2"]
[Date "2023.04.25"]
[WhiteClock "0:00:01"]
[BlackClock "0:00:03"]

1. d4 Nf6 2. Nf3 d5 3. Bf4 c5 4. c3 e6 5. e3 Bd6 6. Nbd2 O-O 7. Bd3 b6 8. Qe2 Nc6 9. O-O Qc7 10. Bxd6 Qxd6 11. e4 Qe7 12. e5 Nd7 13. a3 f6 14. exf6 Qxf6 15. Rfe1 cxd4 16. cxd4 Nxd4 17. Nxd4 Qxd4 18. Nf3 Qf6 19. Qxe6+ Qxe6 20. Rxe6 Nc5 21. Re3 Nxd3 22. Rxd3 Bb7 23. Nd4 Rfe8 24. f3 Rac8 25. Kf2 Kf7 26. g4 Kf6 27. h4 h6 28. Kg3 Rc7 29. Kf4 Bc8 30. Rg1 Kg6 31. Kg3 Kf6 32. Rgd1 Bb7 33. h5 Rc5 34. R3d2 Re5 35. Kf2 Re7 36. Rg1 Re8 37. Kg3 Re5 38. Kf4 Rc4 39. Rgd1 Rc5 40. Kg3 Re7 41. Rd3 Re5 42. a4 Re7 43. Ra1 Re5 44. Rd2 Re3 45. Kf4 Re5 46. Ra3 Bc8 47. Re3 Rxe3 48. Kxe3 Bd7 49. b3 Ke5 50. Ne2 a5 51. Nf4 Rc3+ 52. Nd3+ Kd6 53. Rb2 b5 54. Kd4 b4 55. Rb1 Bc8 56. Rb2 Ba6 57. Ne5 Rc1 58. Rd2 Rb1 59. Nf7+ Ke7 60. Nh8 Rxb3 61. Rc2 Rd3+ 62. Ke5 Rc3 63. Rb2 Rxf3 64. Ng6+ Kd7 65. Kd4 Kd6 66. Rd2 Bc4 67. g5 hxg5 68. h6 gxh6 69. Rd1 b3 0-1


[Site "https://www.chess.com"]

[Event "Titled Tuesday Blitz April 25 Early 2023"]
[White "Durarbayli, Vasif"]
[Black "Lazavik, Denis"]
[WhiteFideId "13402935"]
[BlackFideId "13515110"]
[WhiteElo "2551"]
[BlackElo "2560"]
[Result "0-1"]
[Round "10"]
[TimeControl "180+2"]
[Date "2023.04.25"]
[WhiteClock "0:00:01"]
[BlackClock "0:00:15"]

1. e4 c5 2. Nf3 e6 3. d4 cxd4 4. Nxd4 Nc6 5. Nc3 Qc7 6. Be3 a6 7. Qf3 b5 8. Nxc6 Qxc6 9. Bd3 Ba3 10. bxa3 Qxc3+ 11. Ke2 Ne7 12. Qg3 Bb7 13. Bd2 Qd4 14. c3 Qa4 15. Qxg7 O-O-O 16. Qd4 Qxa3 17. Bc1 Qa5 18. Qd6 Nc6 19. a4 Qxc3 20. Bf4 Qb2+ 21. Ke3 e5 22. Bg3 Qd4+ 23. Qxd4 exd4+ 24. Kd2 b4 25. Bd6 Rde8 26. f4 Rhg8 27. g3 f6 28. Rhc1 a5 29. Bc4 Rg6 30. Kd3 Rh6 31. Ra2 Kd8 32. Bd5 f5 33. Re2 Rxd6 0-1


[Site "https://www.chess.com"]

[Event "Titled Tuesday Blitz April 25 Early 2023"]
[White "Harsha Bharathakoti"]
[Black "Shimanov, Aleksandr"]
[WhiteFideId "5078776"]
[BlackFideId "4198603"]
[WhiteElo "2504"]
[BlackElo "2631"]
[Result "1-0"]
[Round "10"]
[TimeControl "180+2"]
[Date "2023.04.25"]
[WhiteClock "0:00:38"]
[BlackClock "0:00:31"]

1. c4 g6 2. d4 Bg7 3. e4 d6 4. Nc3 c5 5. d5 Bxc3+ 6. bxc3 e5 7. f4 Qh4+ 8. g3 Qf6 9. Qd3 Nd7 10. Nf3 Qe7 11. Bg2 f6 12. O-O Qg7 13. fxe5 Nxe5 14. Nxe5 fxe5 15. Qf3 h6 16. Rb1 Rb8 17. a4 Bd7 18. Rb2 Rh7 19. Rbf2 Rd8 20. Qf8+ Qxf8 21. Rxf8+ Ke7 22. Rxd8 Kxd8 23. Rf8+ Be8 24. Rxg8 Ke7 25. Bh3 a5 26. Be6 b6 27. h4 Bxa4 28. Rb8 Kf6 29. Rxb6 Ra7 30. Rxd6 Bc2 31. Bf5+ Kf7 32. Bxg6+ Ke7 33. Re6+ Kd7 34. Bf5 Kd8 35. Rxh6 a4 36. Rh8+ Kc7 37. Rh7+ Kb6 38. Rxa7 Kxa7 39. h5 1-0


[Site "https://www.chess.com"]

[Event "Titled Tuesday Blitz April 25 Early 2023"]
[White "Salinas Herrera, Pablo"]
[Black "Bortnyk, Olexandr"]
[WhiteFideId "3407128"]
[BlackFideId "14120828"]
[WhiteElo "2546"]
[BlackElo "2734"]
[Result "0-1"]
[Round "10"]
[TimeControl "180+2"]
[Date "2023.04.25"]
[WhiteClock "0:00:01"]
[BlackClock "0:00:02"]

1. e4 Nf6 2. e5 Nd5 3. d4 d6 4. Nf3 dxe5 5. Nxe5 c6 6. Be2 Bf5 7. O-O Nd7 8. Nf3 e6 9. Re1 Bd6 10. Bf1 O-O 11. c3 c5 12. Nbd2 cxd4 13. Nxd4 Bg6 14. N2f3 a6 15. c4 N5f6 16. Nxe6 Bxh2+ 17. Kxh2 fxe6 18. Kg1 e5 19. Bg5 Qb6 20. Qb3 Qa5 21. Bd2 Qc7 22. Bb4 Rfe8 23. Rad1 Kh8 24. Bd6 Qa5 25. Qxb7 e4 26. Nd4 Rac8 27. b4 Qxa2 28. c5 Bh5 29. Qxa6 Qb2 30. Qa1 Qxb4 31. Rb1 Qd2 32. c6 Ne5 33. c7 Qg5 34. Re3 Neg4 35. Rg3 Qh4 36. Rxg4 Nxg4 37. Bg3 Qf6 38. Nb5 e3 39. Qxf6 Nxf6 40. fxe3 Rxe3 41. Bf4 Re7 42. Na7 Rcxc7 43. Bxc7 Rxc7 44. Rb8+ Be8 45. Bb5 Rxa7 46. Bxe8 g5 47. Bc6+ Kg7 48. Rb7+ Rxb7 49. Bxb7 Kg6 50. Kf2 Kf5 51. Kg3 h6 52. Kf3 Ke5 53. Ke3 Nd7 54. Kf3 Nc5 55. Bc6 Kf6 56. Kg4 Nd3 57. Bb7 Ne5+ 0-1


[Site "https://www.chess.com"]

[Event "Titled Tuesday Blitz April 25 Early 2023"]
[White "Kushko, Dmitriy"]
[Black "Naroditsky, Daniel"]
[WhiteFideId "14162261"]
[BlackFideId "2026961"]
[WhiteElo "2230"]
[BlackElo "2633"]
[Result "0-1"]
[Round "10"]
[TimeControl "180+2"]
[Date "2023.04.25"]
[WhiteClock "0:00:09"]
[BlackClock "0:01:38"]

1. g3 e5 2. Bg2 d5 3. d3 Nf6 4. Nf3 Nc6 5. Kf1 h6 6. h3 Bd6 7. Nc3 e4 8. dxe4 dxe4 9. Nd4 Qe7 10. Nxc6 bxc6 11. Be3 Bf5 12. g4 Bg6 13. Qd4 O-O 14. Qc4 Rab8 15. Rb1 c5 16. a3 Qe5 17. Ke1 Rfd8 0-1


[Site "https://www.chess.com"]

[Event "Titled Tuesday Blitz April 25 Early 2023"]
[White "Tactrics"]
[Black "Aradhya, Garg"]
[BlackFideId "25006746"]
[WhiteElo "2956"]
[BlackElo "2263"]
[Result "0-1"]
[Round "10"]
[TimeControl "180+2"]
[Date "2023.04.25"]
[WhiteClock "0:00:16"]
[BlackClock "0:00:19"]

1. e4 e5 2. Nf3 Nc6 3. Nc3 Nf6 4. d4 Bb4 5. dxe5 Nxe4 6. Bd2 d5 7. Bd3 Nxd2 8. Nxd2 Qg5 9. O-O Bxc3 10. bxc3 Bh3 11. Qf3 Be6 12. Qd1 Qxe5 13. Rb1 O-O-O 14. Bb5 Qxc3 15. Bxc6 Qxc6 16. Nb3 d4 17. Na5 Qc3 18. Nxb7 Rd5 19. Rb3 Qc4 20. Qb1 Kd7 21. Rd1 a5 22. a4 Ke7 23. Qb2 Qxa4 24. Ra1 Qd7 25. Nxa5 Rd8 26. Qa3+ Ke8 27. Nb7 Rc8 28. Nc5 Qc6 29. Nxe6 Qxe6 30. Qb4 c5 31. Qa5 c4 32. Rb5 Rxb5 33. Qxb5+ Kf8 34. h3 g6 35. Rd1 Qd6 36. Qb7 Rd8 37. Qb5 c3 38. Rd3 Qd5 39. Qb4+ Kg7 40. g3 Re8 41. Qxd4+ Qxd4 42. Rxd4 Re2 43. Rc4 Rxc2 44. Rc7 Rc1+ 45. Kg2 c2 46. Rc6 Kf8 47. h4 Ke7 48. g4 Kd7 49. Rc4 Kd6 50. h5 g5 51. f3 Kd5 52. Rc8 Kd4 53. Rd8+ Kc3 54. Rc8+ Kd2 55. Rd8+ Ke3 56. Re8+ Kd4 57. Rd8+ Ke5 58. Re8+ Kd6 59. Rc8 f5 60. gxf5 Ke5 61. Rc5+ Kf6 62. Kh2 Rf1 63. Rxc2 Rxf3 64. Rc7 h6 65. Rh7 g4 66. Rxh6+ Kg5 67. Rh8 Rxf5 68. h6 Kh4 69. h7 Rf7 70. Kg2 g3 71. Rg8 Rxh7 72. Rxg3 Rb7 73. Rh3+ Kg4 74. Rg3+ Kf4 75. Rf3+ Ke4 76. Rf2 Rg7+ 77. Kf1 Rg4 78. Re2+ Kd4 79. Rf2 Ke5 80. Ke2 Re4+ 81. Kd3 Rd4+ 82. Ke3 Re4+ 83. Kd3 Rd4+ 84. Kc3 Rf4 85. Rd2 Rf3+ 86. Kc4 Rf4+ 87. Kc5 Rf5 88. Rd8 Ke4+ 89. Kc4 Rf4 90. Re8+ Kf3+ 91. Kd3 Kf2 92. Re7 Rf3+ 93. Kd2 Rf5 94. Re2+ Kf3 95. Re8 Rd5+ 96. Kc3 Rf5 97. Kd4 Kf4 98. Re1 Kg5 99. Rg1+ Kf6 100. Ke4 Re5+ 101. Kd4 Rf5 102. Re1 Rf4+ 103. Kd5 Rf5+ 104. Kd6 Rf4 105. Re8 Rd4+ 106. Kc5 Rf4 107. Rf8+ Ke5 108. Rh8 Ke4 109. Rh4 Rxh4 0-1


[Site "https://www.chess.com"]

[Event "Titled Tuesday Blitz April 25 Early 2023"]
[White "Pakleza, Zbigniew"]
[Black "Grigoriants, Sergey"]
[WhiteFideId "1119290"]
[BlackFideId "4130804"]
[WhiteElo "2410"]
[BlackElo "2502"]
[Result "1-0"]
[Round "10"]
[TimeControl "180+2"]
[Date "2023.04.25"]
[WhiteClock "0:00:04"]
[BlackClock "0:00:18"]

1. d4 d5 2. Bf4 c5 3. e3 Nc6 4. c3 Qb6 5. Qb3 c4 6. Qxb6 axb6 7. Nf3 b5 8. Be2 Bf5 9. O-O e6 10. a3 b4 11. Nh4 Bc2 12. Rc1 b3 13. Nd2 b5 14. Nhf3 Nf6 15. Ne5 Nxe5 16. Bxe5 Nd7 17. Rxc2 bxc2 18. Rc1 Nxe5 19. dxe5 g5 20. Nf3 Bg7 21. g4 f6 22. exf6 Bxf6 23. Rxc2 Ke7 24. Kg2 e5 25. e4 Rhd8 26. exd5 Rxd5 27. Nd2 Rad8 28. Ne4 Rc8 29. h3 h6 30. Ng3 Ke6 31. Bf3 Rdd8 32. Nf5 h5 33. Ng3 h4 34. Ne4 Be7 35. Be2 Rd7 36. Rc1 Kf7 37. Ra1 Ra8 38. Rc1 Kg6 39. Kf1 Rf8 40. Kg2 Rf4 41. f3 Rf8 42. Kf2 Rc8 43. Rb1 Bc5+ 44. Nxc5 Rxc5 45. Ke3 Kf6 46. Ra1 Rcd5 47. a4 Ra7 48. a5 Rd6 49. Ra3 Rda6 50. b4 cxb3 51. Rxb3 Rxa5 52. Bxb5 Ra3 53. Rxa3 Rxa3 54. Kd3 Ra1 55. c4 Ke6 56. c5 Kd5 57. c6 Kd6 58. Ke4 Rh1 59. Kf5 Rxh3 60. Kxg5 Rh1 61. f4 e4 62. f5 h3 63. f6 h2 64. f7 Ke7 65. Kg6 Rg1 66. c7 Rxg4+ 67. Kf5 h1=Q 68. f8=Q+ Kxf8 69. c8=Q+ Ke7 70. Qe8+ Kd6 71. Qc6+ Ke7 72. Qe8+ Kd6 73. Qe5# 1-0


[Site "https://www.chess.com"]

[Event "Titled Tuesday Blitz April 25 Early 2023"]
[White "Szpar, Milosz"]
[Black "Gukesh D"]
[WhiteFideId "1184989"]
[BlackFideId "46616543"]
[WhiteElo "2436"]
[BlackElo "2612"]
[Result "0-1"]
[Round "10"]
[TimeControl "180+2"]
[Date "2023.04.25"]
[WhiteClock "0:00:20"]
[BlackClock "0:00:40"]

1. e4 c5 2. c3 Nf6 3. e5 Nd5 4. d4 e6 5. Nf3 d6 6. c4 Nb4 7. dxc5 dxe5 8. Qxd8+ Kxd8 9. Nxe5 Ke8 10. Na3 N8a6 11. c6 bxc6 12. Be2 f6 13. Nf3 e5 14. O-O Bf5 15. Be3 Bc5 16. Bxc5 Nxc5 17. Nd2 Ke7 18. g4 Bg6 19. f4 exf4 20. Rxf4 Rhd8 21. Nb3 Ne6 22. Rf3 a5 23. Re3 Kf7 24. h4 a4 25. h5 Bc2 26. Nc1 Nd4 27. Bf1 Bd1 28. Rg3 Rab8 29. Nd3 Nf3+ 30. Kf2 Nxd3+ 31. Ke3 Nde5 32. h6 Rxb2 33. hxg7 Kxg7 34. g5 Nxg5 35. c5 Ng4+ 36. Kf4 Rd4+ 37. Kf5 Nh6# 0-1


[Site "https://www.chess.com"]

[Event "Titled Tuesday Blitz April 25 Early 2023"]
[White "Galchenko, Matvey"]
[Black "MaryanKyrychenko"]
[WhiteFideId "24175480"]
[WhiteElo "2423"]
[BlackElo "2586"]
[Result "1-0"]
[Round "10"]
[TimeControl "180+2"]
[Date "2023.04.25"]
[WhiteClock "0:00:12"]
[BlackClock "0:00:07"]

1. f4 d5 2. Nf3 c5 3. g3 Nc6 4. Bg2 Nf6 5. O-O h5 6. d3 Bf5 7. Nc3 e6 8. Qe1 Nd4 9. Qd1 Nxf3+ 10. Bxf3 d4 11. e4 dxc3 12. exf5 Qd4+ 13. Kh1 cxb2 14. Bxb2 Qxb2 15. Rb1 Qd4 16. Bxb7 Rd8 17. Bc6+ Nd7 18. fxe6 fxe6 19. Qe2 Qd6 20. Be4 Be7 21. Rb7 c4 22. Rxa7 h4 23. g4 h3 24. g5 Rb8 25. dxc4 Rh4 26. Rd1 Qxf4 27. Bg6+ Kf8 28. Raxd7 Bc5 29. Rf1 Kg8 30. Rxf4 Rxf4 31. Qxe6+ Kh8 32. Qxh3+ Kg8 33. Qh7+ Kf8 34. Qh8# 1-0


[Site "https://www.chess.com"]

[Event "Titled Tuesday Blitz April 25 Early 2023"]
[White "Kleiman, Jake"]
[Black "Mekhitarian, Krikor Sevag"]
[WhiteFideId "2020041"]
[BlackFideId "2107660"]
[WhiteElo "2570"]
[BlackElo "2604"]
[Result "1/2-1/2"]
[Round "10"]
[TimeControl "180+2"]
[Date "2023.04.25"]
[WhiteClock "0:00:14"]
[BlackClock "0:00:10"]

1. e4 c5 2. c3 Nf6 3. e5 Nd5 4. Bc4 e6 5. Nf3 d6 6. d4 cxd4 7. cxd4 Be7 8. O-O O-O 9. Qe2 Nc6 10. a3 b6 11. Bd2 Bb7 12. Nc3 Nxc3 13. Bxc3 dxe5 14. dxe5 Rc8 15. Rad1 Qc7 16. Bd3 Rfd8 17. Rfe1 g6 18. h4 Bf8 19. h5 Bg7 20. Qe3 Ne7 21. hxg6 hxg6 22. Ng5 Nd5 23. Qh3 Nxc3 24. bxc3 Qe7 25. Qh7+ Kf8 26. Qh4 Rxc3 27. Nh7+ Ke8 28. Bb5+ Bc6 29. Nf6+ Kf8 30. Rxd8+ Qxd8 31. Qb4+ Rc5 32. Bxc6 Bxf6 33. exf6 Qxf6 34. Rc1 Qe5 35. Bf3 Kg7 36. Rxc5 bxc5 37. Qb3 Qc7 38. Qc3+ Kg8 39. g3 Qd6 40. Kg2 e5 41. Qc4 Kg7 42. Qd5 Qc7 43. Be2 Qe7 44. a4 Qc7 45. Bc4 a5 46. Kf3 f5 47. Qe6 e4+ 48. Kg2 Kh6 49. Qg8 Qg7 50. Qc8 Qd4 51. Qf8+ Qg7 52. Qxg7+ Kxg7 53. Kf1 Kf6 54. Ke2 Ke5 55. Ke3 g5 56. Bb3 f4+ 57. gxf4+ gxf4+ 58. Kd2 Kd4 59. Bd1 Kc4 60. Kc2 Kd4 61. Kd2 f3 62. Bc2 c4 63. Bb1 c3+ 64. Kd1 e3 65. fxe3+ Kxe3 66. Ke1 f2+ 67. Kf1 Kf3 68. Bc2 Ke3 69. Bb3 Kd2 70. Kxf2 c2 71. Bxc2 Kxc2 72. Ke2 Kc3 73. Kd1 Kb2 74. Kd2 Kb3 75. Kc1 Kxa4 76. Kb2 Kb4 77. Ka1 Kb3 78. Kb1 a4 79. Ka1 a3 80. Kb1 a2+ 81. Ka1 Ka4 82. Kxa2 1/2-1/2


[Site "https://www.chess.com"]

[Event "Titled Tuesday Blitz April 25 Early 2023"]
[White "WindWhistler11"]
[Black "Shomoev, Anton"]
[BlackFideId "4135148"]
[WhiteElo "2538"]
[BlackElo "2451"]
[Result "1/2-1/2"]
[Round "10"]
[TimeControl "180+2"]
[Date "2023.04.25"]
[WhiteClock "0:00:09"]
[BlackClock "0:00:05"]

1. Nf3 g6 2. g3 Bg7 3. Bg2 e5 4. d3 Nc6 5. O-O f5 6. c4 Nf6 7. Nc3 d6 8. Rb1 a5 9. a3 h6 10. b4 axb4 11. axb4 O-O 12. b5 Ne7 13. Bb2 Be6 14. c5 g5 15. b6 cxb6 16. cxd6 Nc6 17. Nb5 Ne8 18. d4 Bc4 19. dxe5 Ra5 20. Na3 Ba2 21. Ra1 Be6 22. Nc2 Nxd6 23. Rxa5 bxa5 24. Ba3 Nc4 25. Bxf8 Qxd1 26. Rxd1 Bxf8 27. Ncd4 Bf7 28. Nxc6 bxc6 29. Nd4 Nxe5 30. Nxc6 Nc4 31. Nd8 Nb2 32. Rb1 Bg7 33. Nxf7 Kxf7 34. Bd5+ Ke7 35. Ra1 Bc3 36. Ra3 Bb4 37. Re3+ Kd6 38. Ba2 Na4 39. Re6+ Kc5 40. Rxh6 Nc3 41. Bb3 Nxe2+ 42. Kg2 Nd4 43. Bg8 g4 44. h3 gxh3+ 45. Rxh3 Kd6 46. Rh7 Ke5 47. Rd7 Nc6 48. Bd5 Ne7 49. Bf3 Ke6 50. Ra7 Kf6 51. Ra6+ Kf7 52. Be2 Nc8 53. Bc4+ Ke7 54. Re6+ Kd7 55. Rf6 Nd6 56. Be6+ Ke7 57. Rh6 Bd2 58. Rg6 f4 59. g4 a4 60. Ba2 a3 61. Re6+ Kd7 62. g5 f3+ 63. Kxf3 Bxg5 64. Kg4 Bc1 65. f4 Bb2 66. f5 Nb5 67. Bb3 Nd4 68. Rb6 Nxb3 69. Rxb3 a2 70. Rb7+ Kc6 71. Ra7 a1=Q 72. Rxa1 Bxa1 73. f6 Bxf6 1/2-1/2


[Site "https://www.chess.com"]

[Event "Titled Tuesday Blitz April 25 Early 2023"]
[White "Wieczorek, Oskar"]
[Black "Kollars, Dmitrij"]
[WhiteFideId "1133950"]
[BlackFideId "12909572"]
[WhiteElo "2418"]
[BlackElo "2584"]
[Result "1/2-1/2"]
[Round "10"]
[TimeControl "180+2"]
[Date "2023.04.25"]
[WhiteClock "0:00:07"]
[BlackClock "0:00:10"]

1. e4 d6 2. a4 Nf6 3. Nc3 c5 4. Bb5+ Bd7 5. Nf3 g6 6. O-O Bg7 7. Re1 O-O 8. h3 Nc6 9. d3 a6 10. Bc4 Rc8 11. Bf4 Ne8 12. Rb1 Nc7 13. Nd5 b5 14. Ba2 Nxd5 15. Bxd5 Nb4 16. axb5 Nxd5 17. exd5 axb5 18. Qd2 e5 19. dxe6 Bxe6 20. Bh6 Bd5 21. Bxg7 Kxg7 22. Qf4 Qf6 23. Qxf6+ Kxf6 24. Nd2 Ra8 25. Ra1 Rfe8 26. Kf1 Rxe1+ 27. Rxe1 Ra2 28. Rb1 b4 29. f3 Ke5 30. Ke2 g5 31. Nf1 f5 32. Kd2 h5 33. Re1+ Kf6 34. Rb1 h4 35. Ne3 Be6 36. c3 bxc3+ 37. Kxc3 Ke5 38. Nc2 Kf4 39. d4 Kg3 40. dxc5 dxc5 41. Re1 Ra6 42. Re2 Rb6 43. b4 cxb4+ 44. Nxb4 Bc8 45. Nd5 Rb1 46. Ne7 Rg1 47. Nxc8 Rc1+ 48. Rc2 Rxc2+ 49. Kxc2 Kxg2 50. Nd6 f4 51. Nf7 g4 52. fxg4 f3 53. Nd6 f2 54. Nf5 Kxh3 55. Ne3 Kg3 56. g5 Kf4 57. Nf1 Kxg5 58. Kd2 Kg4 59. Ke2 h3 60. Kxf2 Kf4 61. Nh2 Kg5 62. Kg3 Kh5 63. Kxh3 1/2-1/2


[Site "https://www.chess.com"]

[Event "Titled Tuesday Blitz April 25 Early 2023"]
[White "Hua, Lefong"]
[Black "Indjic, Aleksandar"]
[WhiteFideId "2602253"]
[BlackFideId "911925"]
[WhiteElo "2680"]
[BlackElo "2614"]
[Result "1-0"]
[Round "10"]
[TimeControl "180+2"]
[Date "2023.04.25"]
[WhiteClock "0:00:11"]
[BlackClock "0:00:01"]

1. d4 Nf6 2. c4 e6 3. Nc3 c5 4. d5 exd5 5. cxd5 d6 6. e4 g6 7. f4 Bg7 8. Nf3 O-O 9. Be2 Nbd7 10. O-O Re8 11. Nd2 c4 12. a4 Nc5 13. e5 dxe5 14. Nxc4 exf4 15. Bxf4 Nfe4 16. Nb5 g5 17. Bc7 Qd7 18. Ncd6 Rf8 19. Nxe4 Nxe4 20. Bf3 a6 21. Bxe4 axb5 22. d6 f5 23. Bd5+ Kh8 24. axb5 Rxa1 25. Qxa1 Qxb5 26. Qd1 Re8 27. Bf7 Re2 28. Bh5 g4 29. Re1 Qc5+ 30. Kh1 Rxe1+ 31. Qxe1 Bd7 32. Be8 Qc6 33. Bxd7 Qxd7 34. Qe7 Qc6 35. Qd8+ Bf8 36. Qxf8# 1-0


[Site "https://www.chess.com"]

[Event "Titled Tuesday Blitz April 25 Early 2023"]
[White "Rozen, Eytan"]
[Black "Kucuksari, Kaan"]
[WhiteFideId "2816750"]
[BlackFideId "6380166"]
[WhiteElo "2451"]
[BlackElo "2364"]
[Result "0-1"]
[Round "10"]
[TimeControl "180+2"]
[Date "2023.04.25"]
[WhiteClock "0:00:02"]
[BlackClock "0:00:08"]

1. c4 g6 2. Nc3 Bg7 3. g3 Nf6 4. Bg2 O-O 5. d3 e5 6. Bg5 h6 7. Bxf6 Bxf6 8. e3 c6 9. Nge2 d6 10. O-O Be6 11. Qd2 Bg7 12. b3 Nd7 13. d4 exd4 14. exd4 Nf6 15. Nf4 Bd7 16. Rfe1 Qb6 17. Rad1 Bg4 18. Rc1 g5 19. c5 Qb4 20. a3 Qa5 21. b4 Qd8 22. Nd3 dxc5 23. Nxc5 Rb8 24. h3 Bf5 25. Re5 Bg6 26. Re2 Nd7 27. N3e4 Nb6 28. Rd1 Qc7 29. h4 gxh4 30. gxh4 Rbd8 31. Qe3 Rfe8 32. Qf3 Nd5 33. Rde1 h5 34. Ng5 Rxe2 35. Rxe2 Bxd4 36. Nce6 fxe6 37. Nxe6 Qe7 38. Qg3 Qf6 39. Nxd4 Nf4 40. Re4 Rxd4 41. Re8+ Kg7 42. Rb8 Ne2+ 0-1


[Site "https://www.chess.com"]

[Event "Titled Tuesday Blitz April 25 Early 2023"]
[White "Molina, Roberto Junio Brito"]
[Black "KRUMMEL2008"]
[WhiteFideId "2109450"]
[WhiteElo "2376"]
[BlackElo "2659"]
[Result "0-1"]
[Round "10"]
[TimeControl "180+2"]
[Date "2023.04.25"]
[WhiteClock "0:01:02"]
[BlackClock "0:00:07"]

1. d4 Nf6 2. c4 g6 3. Nc3 Bg7 4. e4 d6 5. Be2 O-O 6. Be3 e5 7. d5 Na6 8. g4 Nc5 9. f3 h5 10. g5 Nh7 11. h4 f6 12. Qd2 fxg5 13. hxg5 Rf4 14. O-O-O Qxg5 15. Nh3 Bxh3 16. Rxh3 Qf6 17. Rg1 Rf8 18. b4 Nd7 19. Nb5 Qd8 20. Rxg6 h4 21. Rh1 R8f7 22. Bxf4 exf4 23. Nd4 Ne5 24. Ne6 Qe7 25. Rxg7+ Rxg7 26. Nxg7 Qxg7 27. Qxf4 Ng6 28. Qh2 Qa1+ 29. Kd2 Qxa2+ 30. Ke3 Qa3+ 31. Bd3 Qxb4 32. Rg1 Qc5+ 33. Kd2 Qb4+ 34. Ke3 Qb6+ 35. Kd2 Qb2+ 36. Bc2 Qd4+ 37. Kc1 Qa1+ 38. Bb1 Qc3+ 39. Kd1 Qd4+ 40. Ke2 Qb2+ 41. Ke3 Qxh2 42. Rxg6+ Kf7 43. Rg4 Nf6 44. Rg5 h3 45. Bd3 Qh1 46. Bf1 Qxf1 47. Rg1 Qxg1+ 0-1


[Site "https://www.chess.com"]

[Event "Titled Tuesday Blitz April 25 Early 2023"]
[White "Bacallao Alonso, Yusnel"]
[Black "Williams, Simon K"]
[WhiteFideId "3507416"]
[BlackFideId "404454"]
[WhiteElo "2561"]
[BlackElo "2468"]
[Result "1-0"]
[Round "10"]
[TimeControl "180+2"]
[Date "2023.04.25"]
[WhiteClock "0:00:06"]
[BlackClock "0:00:04"]

1. d4 e6 2. Nf3 f5 3. Bf4 Nf6 4. e3 b6 5. h3 Bb7 6. Be2 g6 7. O-O Bg7 8. Nfd2 O-O 9. Bf3 Ne4 10. c4 g5 11. Bh2 d5 12. Nc3 Nd7 13. cxd5 exd5 14. Nb5 f4 15. Rc1 c6 16. Bxe4 dxe4 17. Qb3+ Kh8 18. Nd6 Ba6 19. Rfe1 fxe3 20. Rxe3 Qf6 21. N2xe4 Qg6 22. Qa4 Bb5 23. Nxb5 cxb5 24. Qxb5 Rad8 25. Qxg5 Bxd4 26. Qxg6 hxg6 27. Re2 Rde8 28. Rcc2 Nc5 29. Nxc5 Bxf2+ 30. Kh1 Bxc5 31. Rxe8 Rxe8 32. Bg3 Kg7 33. Bf2 Bxf2 34. Rxf2 Re3 35. Kh2 a5 36. Kg1 b5 37. Rc2 Re5 38. Kf2 Kf6 39. Kf3 Kf5 40. h4 Rd5 41. g4+ Ke5 42. Re2+ Kd4 43. Rd2+ Ke5 44. Rxd5+ 1-0


[Site "https://www.chess.com"]

[Event "Titled Tuesday Blitz April 25 Early 2023"]
[White "Djordjevic, Vuk"]
[Black "Ezat, Mohamed"]
[WhiteFideId "902098"]
[BlackFideId "10600906"]
[WhiteElo "2452"]
[BlackElo "2386"]
[Result "1-0"]
[Round "10"]
[TimeControl "180+2"]
[Date "2023.04.25"]
[WhiteClock "0:01:08"]
[BlackClock "0:00:16"]

1. d4 Nf6 2. Bg5 Ne4 3. Bf4 d5 4. e3 c5 5. Bd3 Nc6 6. c3 Qb6 7. Qb3 Qxb3 8. axb3 cxd4 9. exd4 Bf5 10. Ke2 e6 11. Nf3 Bg4 12. Nd2 Nxd2 13. Kxd2 Bxf3 14. gxf3 Be7 15. b4 O-O 16. b5 Nb8 17. Ra4 a6 18. Rha1 Nd7 19. bxa6 bxa6 20. Rxa6 Rxa6 21. Rxa6 g5 22. Bg3 Nf6 23. Ra7 Bd8 24. Bd6 Bb6 25. Rb7 1-0


[Site "https://www.chess.com"]

[Event "Titled Tuesday Blitz April 25 Early 2023"]
[White "Rustemov, Alexander"]
[Black "Martinez Ramirez, Lennis"]
[WhiteFideId "4119002"]
[BlackFideId "3509079"]
[WhiteElo "2777"]
[BlackElo "2410"]
[Result "1-0"]
[Round "10"]
[TimeControl "180+2"]
[Date "2023.04.25"]
[WhiteClock "0:01:07"]
[BlackClock "0:00:01"]

1. d4 Nf6 2. c4 e6 3. Nf3 Bb4+ 4. Bd2 Bxd2+ 5. Qxd2 d5 6. Nc3 O-O 7. e3 Qe7 8. Rc1 Rd8 9. cxd5 exd5 10. Bd3 c6 11. Qc2 Nbd7 12. O-O Re8 13. Rb1 a5 14. a3 Ne4 15. Rfc1 f5 16. b4 axb4 17. axb4 Ra3 18. Qb2 Ra7 19. b5 Qa3 20. bxc6 Qxb2 21. Rxb2 bxc6 22. Rbc2 Bb7 23. Ne2 Rea8 24. h4 h6 25. h5 Ndf6 26. Nf4 Ng4 27. Bxe4 fxe4 28. Ne5 Ra2 29. Nxg4 Rxc2 30. Rxc2 Ra1+ 31. Kh2 Kf7 32. Ne5+ Kf6 33. Nxc6 Kg5 34. Ne5 Ba6 35. Rc7 Bc4 36. Rxg7+ 1-0


[Site "https://www.chess.com"]